 Dungeon Crawl Stone Soup version 0.19.1-1-g22dce08 (webtiles) character file.

369 Kiturien the Cutter (level 6, -8/38 HPs)
             Began as an Octopode Fighter on Jan 18, 2017.
             Killed by divine providence
             ... invoked by an orc priest
              (15 damage)
             ... on level 4 of the Dungeon.
             The game lasted 00:08:39 (2811 turns).

Kiturien the Cutter (Octopode Fighter)              Turns: 2811, Time: 00:08:40

Health: -8/38      AC:  1    Str: 16      XL:     6   Next: 70%
Magic:  6/6        EV: 12    Int: 10      God:
Gold:   146        SH:  9    Dex: 11 (13) Spells: 2 memorised, 0 levels left

rFire  . . .     SeeInvis .     a - +0 rapier
rCold  . . .     Gourm    .     b - +0 shield
rNeg   . . .     Faith    .     (helmet restricted)
rPois  +         Spirit   .     (no amulet)
rElec  .         Reflect  .     q - ring of poison resistance
rCorr  .         Harm     .     (no ring)
MR     .....                    (no ring)
Stlth  +++.......               (no ring)
                                (no ring)
                                (no ring)
                                (no ring)
                                (no ring)

@: no status effects
A: almost no armour, stealthy swim, amphibious, 8 rings, constrict 8, camouflage
1, deterioration 1, frail 1, wild magic 1, gelatinous body 1
a: no special abilities


You were on level 4 of the Dungeon.
You were not hungry.

You visited 1 branch of the dungeon, and saw 4 of its levels.

You collected 146 gold pieces.

Inventory:

Hand Weapons
 a - a +0 rapier (weapon)
Missiles
 r - 4 javelins (quivered)
Armour
 b - a +0 shield (worn)
Jewellery
 q - a ring of poison resistance (left tentacle)
Wands
 n - a wand of paralysis (8/24)
Scrolls
 e - 2 scrolls of identify
 g - 2 scrolls of recharging {unknown}
 h - 3 scrolls of immolation {unknown}
 i - a scroll of enchant armour {unknown}
 j - a scroll of enchant weapon {unknown}
 k - 4 scrolls of teleportation {unknown}
 o - a scroll of remove curse {unknown}
 u - a scroll of fog {unknown}
Potions
 c - 2 potions of might
 m - a potion of brilliance
 t - a potion of lignification {unknown}
Books
 s - a book of Maledictions

   Spells                             Type                      Level
   a - Corona                         Hexes                        1
   b - Ensorcelled Hibernation        Hexes/Ice                    2
   c - Confuse                        Hexes                        3
   d - Tukima's Dance                 Hexes                        3
   e - Dazzling Spray                 Conjuration/Hexes            3
Comestibles
 d - 4 bread rations
 f - a meat ration
 l - 2 beef jerkies


   Skills:
 + Level 3.7 Fighting
 + Level 4.8 Short Blades
 + Level 4.1 Dodging
 + Level 2.7 Stealth
 + Level 3.8 Shields


You couldn't memorise any spells.
You knew the following spells:

 Your Spells              Type           Power        Failure   Level  Hunger
a - Ensorcelled Hibernat  Hex/Ice        #.....       100%        2    ###....
b - Dazzling Spray        Conj/Hex       #.....       100%        3    ####...


Dungeon Overview and Level Annotations

Branches:
Dungeon (4/15)
 Temple: D:4-7

Altars:


Innate Abilities, Weirdness & Mutations

You cannot wear most types of armour.
You are very stealthy in the water. (Stealth+)
You are amphibious.
You can wear up to eight rings at the same time.
You can use your tentacles to constrict eight enemies at once.
Your skin changes colour to match your surroundings (Stealth+).
Your rubbery body absorbs attacks. (AC +1, EV +1)
Your body sometimes deteriorates upon taking damage.
You are frail. (-10% HP)
Your spells are a little harder to cast, but a little more powerful.


Message History

You start eating one of the 3 beef jerkies.
That beef jerky was delicious!
You see here a worker ant corpse.
You see here 6 large rocks.
The orc priest shouts!
The orc priest calls down the wrath of Beogh upon you.
Beogh smites you!
The orc priest invokes the aid of Beogh against you.
Beogh smites you!
* * * LOW HITPOINT WARNING * * *
The orc priest closely misses you.
Things that are here:
a hand axe; a leather armour You completely miss the orc priest.
You grab the orc priest. You constrict the orc priest.
The orc priest hits you with a trident.
* * * LOW HITPOINT WARNING * * *
You feel better.
You constrict the orc priest.
The orc priest mumbles some strange prayers to Beogh against you.
Beogh smites you!
You die...

## ..# ...#
####### #####.?..#
#....[# #.).'..>.#
#.###.###.###....#
#.###...).########
#######
#........o@......#
#......
################.#
#.##### #...##(#
#.# #.#....# #.#
#†#########.#
#...........#
###.#......##
#...######.# #
#.########.# #


You could see an orc priest.

Vanquished Creatures
  A black bear (D:3)
  An orc priest (D:3)
  2 orc wizards (D:4)
  A bullfrog skeleton (D:4)
  2 worker ants (D:4)
  3 adders
  An ooze (D:3)
  2 worms (D:2)
  3 leopard geckos
  6 orcs
  2 ball pythons
  3 giant cockroaches
  5 goblins
  8 hobgoblins
  7 jackals
  2 quokkas
  7 bats
  15 frilled lizards
  5 kobolds
  4 rats
80 creatures vanquished.

Notes
Turn   | Place    | Note
-------+----------+-------------------------------------------
     0 | D:1      | Kiturien the Octopode Fighter began the quest for the Orb.
     0 | D:1      | Reached XP level 1. HP: 16/16 MP: 1/1
    99 | D:1      | Reached XP level 2. HP: 21/21 MP: 2/2
   273 | D:1      | Reached XP level 3. HP: 24/26 MP: 3/3
   835 | D:2      | Found a faded altar of an unknown god.
  1126 | D:2      | Reached XP level 4. HP: 31/31 MP: 4/4
  1205 | D:3      | Gained mutation: Your body sometimes deteriorates upon taking damage. [potion of mutation]
  1205 | D:3      | Gained mutation: Your spells are a little harder to cast, but a little more powerful. [potion of mutation]
  1205 | D:3      | Gained mutation: You are frail. (-10% HP) [potion of mutation]
  1292 | D:3      | Reached skill level 1 in Stealth
  1597 | D:3      | Noticed a black bear
  1600 | D:3      | Reached XP level 5. HP: 31/32 MP: 5/5
  1604 | D:3      | Killed a black bear
  2102 | D:3      | Reached XP level 6. HP: 37/37 MP: 6/6
  2265 | D:4      | Learned a level 2 spell: Ensorcelled Hibernation
  2269 | D:4      | Learned a level 3 spell: Dazzling Spray
  2810 | D:4      | HP: 1/38 [orc priest/trident (3)]
  2811 | D:4      | Killed from afar by an orc priest

Skill      XL: |  1  2  3  4  5 |
---------------+----------------+-----
Short Blades   | 3 4 |  4.8
Stealth        | 1 2 |  2.7
Dodging        | 4 |  4.1
Fighting       | |  3.7
Shields        | |  3.8

Action                   |  1- 3 |  4- 6 || total
-------------------------+-------+-------++-------
Melee: Rapier            |    81 |    90 ||   171
       Constrict         |    21 |    18 ||    39
       Tentacles         |    13 |    19 ||    32
  Use: Scroll            |     1 |     3 ||     4
       Potion            |       |     2 ||     2
 Stab: Sleeping          |     3 |     4 ||     7
  Eat: Meat ration       |     1 |       ||     1
       Beef jerky        |       |     1 ||     1
Armor: Skin              |     5 |     1 ||     6
Dodge: Dodged            |    39 |    37 ||    76
Block: Shield            |    28 |    36 ||    64
